 Dungeon Crawl Stone Soup version 0.26.1-11-gd32895ea62 (webtiles) character file.

Game seed: 406448902599684664

1555 dtburroughs the Skirmisher (level 8, -2/71 HPs)
             Began as a Minotaur Berserker on July 13, 2021.
             Was a High Priest of Trog.
             Killed by divine providence
             ... invoked by an orc priest
              (12 damage)
             ... on level 6 of the Dungeon.
             The game lasted 00:11:50 (6745 turns).

dtburroughs the Skirmisher (Minotaur Berserker)     Turns: 6745, Time: 00:11:51

Health: -2/71      AC: 12    Str: 21    XL:     8   Next: 58%
Magic:  7/7        EV:  8    Int:  6    God:    Trog [*****.]
Gold:   246        SH:  0    Dex: 11    Spells: 7/7 levels left

rFire    . . .     SeeInvis +   a - +0 hand axe
rCold    . . .     Faith    +   f - +0 buckler
rNeg     . . .     Spirit   .   r - +0 plate armour
rPois    .         Reflect  .   (helmet restricted)
rElec    .         Harm     .   (no cloak)
rCorr    .         Rampage  .   (no gloves)
Will     .....                  (no boots)
Stlth    ..........             p - amulet of faith
HPRegen  0.21/turn              q - ring of see invisible
MPRegen  0.10/turn              (no ring)

@: confused
A: retaliatory headbutt, horns 2
a: Renounce Religion, Berserk, Trog's Hand, Brothers in Arms


You were on level 6 of the Dungeon.
You worshipped Trog.
Trog was extremely pleased with you.
You visited 1 branch of the dungeon, and saw 6 of its levels.
You also visited: Sewer and Ossuary.

You collected 246 gold pieces.

Inventory:

Hand Weapons
 a - a +0 hand axe (weapon)
Armour
 b - a +0 animal skin
 c - a +0 ring mail
 d - a +0 chain mail
 e - a +0 pair of gloves
 f - a +0 buckler (worn)
 k - a +0 ring mail
 r - a +0 plate armour (worn)
Jewellery
 l - an uncursed amulet of the acrobat
 p - an amulet of faith (around neck)
 q - a ring of see invisible (left hand)
Wands
 G - a wand of iceblast (13)
Scrolls
 g - 2 scrolls of magic mapping
 m - a scroll of fear
 n - 3 scrolls of enchant armour
 v - a scroll of teleportation
 y - a scroll of fog
 A - a scroll of noise {unknown}
 B - a scroll of remove curse {unknown}
 C - a scroll of random uselessness {unknown}
 E - a scroll of vulnerability {unknown}
 F - a scroll of torment {unknown}
Potions
 i - 5 potions of curing
 j - 2 potions of mutation
 o - a potion of lignification {unknown}
 s - a potion of berserk rage {unknown}
 t - 4 potions of heal wounds
 u - a potion of might {unknown}
 w - 3 potions of flight
 x - a potion of ambrosia {unknown}
 z - 2 potions of degeneration {unknown}
 D - a potion of invisibility {unknown}


   Skills:
 + Level 6.9 Fighting
 + Level 6.8 Axes
 + Level 6.1 Armour
 + Level 5.7 Dodging
 + Level 5.2 Shields
 + Level 0.6 Evocations


You had 7 spell levels left.
You didn't know any spells.
Your spell library was empty.

Dungeon Overview and Level Annotations

Branches:
Dungeon (6/15)              Sewer (visited)         Ossuary (visited)
 Temple: D:4-7

Altars:
Cheibriados
Elyvilon
Trog


Innate Abilities, Weirdness & Mutations

You reflexively headbutt those who attack you in melee.
You have a pair of horns on your head.


Message History

The orc warrior is heavily wounded.
The orc warrior closely misses you.
You slash the orc warrior!
The orc warrior is severely wounded.
The orc warrior hits you with a +0 halberd.
* * * LOW HITPOINT WARNING * * *
You barely miss the orc warrior.
The orc warrior is severely wounded.
The orc warrior closely misses you. You furiously retaliate!
You headbutt the orc warrior!
You kill the orc warrior!
Trog accepts your kill.
Your life force feels restored.
The orc wizard casts a spell at you. You resist with some effort.
The orc wizard gestures at you while chanting.
You are confused.
The orc priest mumbles some strange prayers to Beogh against you.
Beogh smites you!
You die...

...######## #........#
#..#####.# # #....###.#
#.#####.#......
#....#....###..
#######.#..#####..
#..)oo..#.........
#@#####...#######.
#.######### #.
#....######## ##.
####.#......# #..
#>#..#.### #.#
#########.#...#.## #.#
#.......#.#....#.## #o#
#.#####.........#.###o#
#.#####..........#.##)#


You could see an orc priest and an orc wizard (invisible).

Vanquished Creatures
  A sky beast (D:5)
  An orc warrior (D:6)
  An ice beast (D:5)
  An ogre (D:2)
  A centaur (D:5)
  A big kobold (Sewer)
  3 elf skeletons (D:5)
  2 howler monkeys
  2 hounds (D:5)
  2 human zombies (D:5)
  2 orc wizards (D:6)
  Ijyb (D:5)
  A human skeleton (D:5)
  2 iguanas
  4 worker ants
  14 mummies (Ossuary)
  7 adders
  4 river rats
  A white imp (D:5)
  An ufetubus (D:5)
  An adder zombie (D:5)
  2 worms (D:3)
  3 dart slugs
  5 leopard geckos (D:1)
  10 orcs
  8 bats
  6 giant cockroaches
  10 goblins
  10 hobgoblins
  7 jackals
  10 kobolds
  A quokka (D:3)
  6 ball pythons
  2 frilled lizards (D:1)
  A gnoll skeleton (Ossuary)
  4 goblin skeletons (Ossuary)
  A kobold skeleton (Ossuary)
  A leopard gecko skeleton (D:4)
  2 orc skeletons (Ossuary)
  9 rats
  11 rat skeletons (Ossuary)
162 creatures vanquished.

Vanquished Creatures (others)
  4 plants
4 creatures vanquished.

Grand Total: 166 creatures vanquished

Notes
Turn   | Place    | Note
-------+----------+-------------------------------------------
     0 | D:1      | dtburroughs the Minotaur Berserker began the quest for the
                  | Orb.
     0 | D:1      | Reached XP level 1. HP: 19/19 MP: 0/0
    45 | D:1      | Reached XP level 2. HP: 15/27 MP: 1/1
   411 | D:1      | Reached ** piety under Trog
   412 | D:1      | Reached XP level 3. HP: 28/33 MP: 2/2
  1268 | D:2      | Found a bloodstained altar of Trog.
  1576 | D:2      | Reached skill level 1 in Shields
  1595 | D:2      | Noticed an ogre
  1599 | D:2      | Killed an ogre
  1600 | D:2      | Reached XP level 4. HP: 41/41 MP: 3/3
  1600 | D:2      | Reached XP level 5. HP: 47/47 MP: 4/4
  2047 | D:3      | Found a snail-covered altar of Cheibriados.
  3016 | D:4      | Reached skill level 5 in Fighting
  3016 | D:4      | Reached XP level 6. HP: 36/56 MP: 5/5
  3181 | D:4      | Reached skill level 5 in Axes
  3520 | D:4      | Reached *** piety under Trog
  3585 | D:4      | Found a glowing drain.
  3610 | Sewer    | Entered a sewer
  4035 | Sewer    | Found a white marble altar of Elyvilon.
  4371 | D:5      | Entered Level 5 of the Dungeon
  4419 | D:5      | Noticed a sky beast
  4430 | D:5      | Killed a sky beast
  4431 | D:5      | Reached XP level 7. HP: 51/61 MP: 6/6
  4678 | D:5      | Reached skill level 5 in Armour
  4687 | D:5      | Found a sand-covered staircase.
  4699 | Ossuary  | Entered an ossuary
  5198 | Ossuary  | Reached **** piety under Trog
  5478 | Ossuary  | Reached skill level 5 in Dodging
  5627 | D:5      | Reached XP level 8. HP: 62/70 MP: 7/7
  5862 | D:5      | Found a white marble altar of Elyvilon.
  5899 | D:5      | Noticed Ijyb
  5906 | D:5      | Killed Ijyb
  6166 | D:5      | Reached ***** piety under Trog
  6212 | D:5      | Reached skill level 5 in Shields
  6745 | D:6      | Killed from afar by an orc priest

Illustrated notes

Levels and vault maps discovered:
D:1:      matt_arrival_refuge, layout_rooms
D:2:      layout_loops_ring, lemuel_doored_altar, serial_forest,
          infiniplex_forest_fountain, infiniplex_forest_straight_3,
          infiniplex_forest_clump_small, infiniplex_forest_lined_room_,
          infiniplex_forest_clump_curved, infiniplex_forest_clump_cross,
          infiniplex_forest_end_3
D:3:      layout_loops_ring, cheibriados_altar_1
D:4:      layout_rooms, serial_bayou, serial_bayou_pond_d, serial_bayou_pond_b,
          serial_bayou_pond_c, serial_bayou_lake_a, portal_sewer_entry_c
D:5:      layout_loops_cross, nicolae_ossuary_entry_catacombs, elyvilon_altar_1,
          uniq_ijyb
D:6:      wad_pebble_path, layout_loops_cross,
          chequers_temple_overflow_statue_of_worship, temple_statues

Skill      XL: |  1  2  3  4  5  6  7  8 |
---------------+-------------------------+-----
Axes           | 4 5 6 |  6.8
Fighting       | 4 5 6 |  6.9
Armour         | 3 4 5 6 |  6.1
Shields        | 1 2 3 4 5 |  5.2
Dodging        | 3 4 5 |  5.7
Evocations     | |  0.6

Action                   |  1- 3 |  4- 6 |  7- 9 || total
-------------------------+-------+-------+-------++-------
Melee: Hand axe          |    83 |   165 |   272 ||   520
       Headbutt          |    13 |    27 |    60 ||   100
Invok: Trog's Hand       |       |     2 |     1 ||     3
  Use: Scroll            |       |       |    10 ||    10
Armor: Animal skin       |    21 |     7 |       ||    28
       Plate armour      |       |    24 |    89 ||   113
Dodge: Dodged            |    71 |    81 |    64 ||   216
Block: Buckler           |       |    28 |    30 ||    58
